3AAA
HIALEAH DODOS @ BRINKLEY BELUGAS
08/23/2025
 
TOP OF THE 1ST
Hialeah Dodos batting - Pitching for Brinkley Belugas : RHP Chae-seong Kim
Pitching: RHP Chae-seong Kim
Batting: SHB Javier Gonzáles 0-0: Ball
1-0: Ball
2-0: Ball
3-0: Called Strike
3-1: Foul Ball, location: 2F
3-2: Base on Balls
Batting: RHB Aurelio Álvarez 0-0: Ball
1-0: Ball
2-0: Swinging Strike
2-1: DOUBLE (Line Drive, 8RM)
Javier Gonzáles to third
Pinch Runner at 2nd Daniel Ruíz:
Batting: LHB Raúl Aguirre 0-0: Ball
1-0: Ball
2-0: Ground out 4-3 (Groundball, 4)
Javier Gonzáles scores
Daniel Ruíz to third
Batting: LHB Scott Janousek 0-0: Called Strike
0-1: Called Strike
0-2: Ball
1-2: Strikes out swinging
Batting: RHB Diego Bonilla 0-0: Called Strike
0-1: Ball
1-1: 2-RUN HOME RUN (Flyball, 78XD), Distance : 435 ft
Batting: LHB Errol Levick 0-0: Called Strike
0-1: Ball
1-1: Ball
2-1: Foul Ball, location: 2F
2-2: Fly out, F7 (Flyball, 78M)
Top of the 1st over - 3 run(s), 2 hit(s), 0 error(s), 0 left on base; Hialeah 3 - Brinkley 0
BOTTOM OF THE 1ST
Brinkley Belugas batting - Pitching for Hialeah Dodos : RHP Huai-yu Kan
Pitching: RHP Huai-yu Kan
Now at 3B: Daniel Ruíz
Batting: RHB Randy Tucker 0-0: Ball
1-0: Ball
2-0: Ground out 6-3 (Groundball, 6M)
Batting: RHB Jay Kidd 0-0: Called Strike
0-1: Ball
1-1: Ball
2-1: Called Strike
2-2: Fly out, F7 (Line Drive, 7)
Batting: RHB Reggie Kahn 0-0: Ball
1-0: Foul Ball, location: 2F
1-1: Called Strike
1-2: Ball
2-2: SINGLE (Groundball, 34D)
Batting: LHB Eric Porter 0-0: Ball
1-0: Called Strike
1-1: Foul Ball, location: 2F
1-2: Ball
Wild Pitch!
Reggie Kahn to second
2-2: Ball
3-2: Base on Balls
Batting: RHB Steve Jones 0-0: Called Strike
0-1: Fielders Choice at 2nd, 6-4 (Groundball, 6)
Bottom of the 1st over - 0 run(s), 1 hit(s), 0 error(s), 1 left on base; Hialeah 3 - Brinkley 0
TOP OF THE 2ND
Hialeah Dodos batting - Pitching for Brinkley Belugas : RHP Chae-seong Kim
Batting: LHB Perry Bothof 0-0: Ball
1-0: Called Strike
1-1: Ball
2-1: Foul Ball, location: 2F
2-2: Ground out U3 (Groundball, 3)
Batting: RHB Vincente Rotham 0-0: Foul Ball, location: 2F
0-1: Called Strike
0-2: Ball
1-2: Strikes out looking
Batting: SHB Juan Ortega 0-0: Foul Ball, location: 2F
0-1: Swinging Strike
0-2: Ball
1-2: DOUBLE (Flyball, 8RD)
Batting: SHB Javier Gonzáles 0-0: Ball
1-0: Called Strike
1-1: Called Strike
1-2: Strikes out swinging
Top of the 2nd over - 0 run(s), 1 hit(s), 0 error(s), 1 left on base; Hialeah 3 - Brinkley 0
BOTTOM OF THE 2ND
Brinkley Belugas batting - Pitching for Hialeah Dodos : RHP Huai-yu Kan
Batting: RHB Tom Christensen 0-0: Ball
1-0: Ball
2-0: Foul Ball, location: 2F
2-1: Called Strike
2-2: Foul Ball, location: 2F
2-2: Foul Ball, location: 2F
2-2: Ground out 6-3 (Groundball, 6)
Batting: SHB Noel King 0-0: Ground out 3-1 (Groundball, 34S)
Batting: RHB Jason Weston 0-0: Ball
1-0: Ball
2-0: SINGLE (Groundball, 6D)
Batting: RHB Roberto Ramírez 0-0: Called Strike
0-1: Fly out, F7 (Flyball, 7LMF)
Bottom of the 2nd over - 0 run(s), 1 hit(s), 0 error(s), 1 left on base; Hialeah 3 - Brinkley 0
TOP OF THE 3RD
Hialeah Dodos batting - Pitching for Brinkley Belugas : RHP Chae-seong Kim
Batting: RHB Daniel Ruíz 0-0: Called Strike
0-1: Ball
1-1: Ball
2-1: Swinging Strike
2-2: Foul Ball, location: 2F
2-2: Ball
3-2: Foul Ball, location: 2F
3-2: Foul Ball, location: 2F
3-2: Base on Balls
Batting: LHB Raúl Aguirre 0-0: Ball
Daniel Ruíz is caught stealing 2nd base
1-0: Ball
2-0: Foul Ball, location: 2F
2-1: Called Strike
2-2: Foul Ball, location: 2F
2-2: Ball
3-2: Ground out 4-3 (Groundball, 4)
Batting: LHB Scott Janousek 0-0: Foul Ball, location: 2F
0-1: Ball
1-1: Ball
2-1: Foul Ball, location: 2F
2-2: Strikes out looking
Top of the 3rd over - 0 run(s), 0 hit(s), 0 error(s), 0 left on base; Hialeah 3 - Brinkley 0
BOTTOM OF THE 3RD
Brinkley Belugas batting - Pitching for Hialeah Dodos : RHP Huai-yu Kan
Batting: RHB Randy Tucker 0-0: Ball
1-0: Ball
2-0: Foul Ball, location: 2F
2-1: Swinging Strike
2-2: Ball
3-2: Ground out 1-3 (Groundball, P)
Batting: RHB Jay Kidd 0-0: SINGLE (Groundball, 56D)
Batting: RHB Reggie Kahn 0-0: Ball
1-0: Called Strike
1-1: Single, Error in OF, E7, batter to second base
Jay Kidd to third
Batting: LHB Eric Porter 0-0: Foul Ball, location: 2F
0-1: Foul Ball, location: 2F
0-2: Foul Ball, location: 2F
0-2: Ball
1-2: Ball
2-2: DOUBLE (Flyball, 89XD)
Jay Kidd scores
Reggie Kahn scores
Batting: RHB Steve Jones 0-0: Called Strike
0-1: Fly out, F5 (Popup, 5S)
Batting: RHB Tom Christensen 0-0: Ball
1-0: Swinging Strike
1-1: Fly out, F9 (Flyball, 9D)
Bottom of the 3rd over - 2 run(s), 3 hit(s), 1 error(s), 1 left on base; Hialeah 3 - Brinkley 2
TOP OF THE 4TH
Hialeah Dodos batting - Pitching for Brinkley Belugas : RHP Chae-seong Kim
Batting: RHB Diego Bonilla 0-0: Called Strike
0-1: Ball
1-1: Foul Ball, location: 2F
1-2: Ball
2-2: Ground out 5-3 (Groundball, 5)
Batting: LHB Errol Levick 0-0: Ball
1-0: Ball
2-0: Ball
3-0: Called Strike
3-1: Base on Balls
Batting: LHB Perry Bothof 0-0: SINGLE (Groundball, 6D)
Errol Levick to second
Batting: RHB Vincente Rotham 0-0: Ball
1-0: SINGLE (Groundball, 34S) (infield hit)
Errol Levick to third
Perry Bothof to second
Batting: SHB Juan Ortega 0-0: Called Strike
0-1: Fielders Choice at 2nd, 4-6 (Groundball, 4)
Errol Levick scores
Perry Bothof to third
Batting: SHB Javier Gonzáles 0-0: Ball
1-0: Foul Ball, location: 2F
1-1: Ball
2-1: Foul Ball, location: 2F
2-2: Foul Ball, location: 2F
2-2: Strikes out swinging
Top of the 4th over - 1 run(s), 2 hit(s), 0 error(s), 2 left on base; Hialeah 4 - Brinkley 2
BOTTOM OF THE 4TH
Brinkley Belugas batting - Pitching for Hialeah Dodos : RHP Huai-yu Kan
Batting: SHB Noel King 0-0: Called Strike
0-1: Called Strike
0-2: Strikes out swinging
Batting: RHB Jason Weston 0-0: Foul Ball, location: 2F
0-1: Ball
1-1: SINGLE (Line Drive, 7LS)
Batting: RHB Roberto Ramírez 0-0: Called Strike
0-1: Swinging Strike
0-2: Foul Ball, location: 2F
0-2: Strikes out looking
Batting: RHB Randy Tucker 0-0: Called Strike
0-1: Fielders Choice at 2nd, 5-4 (Groundball, 56)
Bottom of the 4th over - 0 run(s), 1 hit(s), 0 error(s), 0 left on base; Hialeah 4 - Brinkley 2
TOP OF THE 5TH
Hialeah Dodos batting - Pitching for Brinkley Belugas : RHP Chae-seong Kim
Batting: RHB Daniel Ruíz 0-0: Called Strike
0-1: Ball
1-1: Ball
2-1: Fly out, F2 (Popup, 34S)
Batting: LHB Raúl Aguirre 0-0: Ball
1-0: Ground out 4-3 (Groundball, 34)
Batting: LHB Scott Janousek 0-0: Ball
1-0: Called Strike
1-1: Ball
2-1: Swinging Strike
2-2: Ball
3-2: Base on Balls
Pitching: LHP Glen Holland
Batting: RHB Diego Bonilla 0-0: Ball
1-0: Foul Ball, location: 2F
1-1: Ball
Scott Janousek is caught stealing 2nd base
Top of the 5th over - 0 run(s), 0 hit(s), 0 error(s), 0 left on base; Hialeah 4 - Brinkley 2
BOTTOM OF THE 5TH
Brinkley Belugas batting - Pitching for Hialeah Dodos : RHP Huai-yu Kan
Batting: RHB Jay Kidd 0-0: Fly out, F4 (Popup, 34D)
Batting: RHB Reggie Kahn 0-0: SINGLE (Line Drive, 7LS)
Batting: LHB Eric Porter 0-0: Ball
1-0: Foul Ball, location: 2F
1-1: SINGLE (Groundball, 4MD)
Reggie Kahn to second
Batting: RHB Steve Jones 0-0: Called Strike
0-1: Swinging Strike
0-2: Ball
1-2: Strikes out swinging
Batting: RHB Tom Christensen 0-0: Ball
1-0: Swinging Strike
1-1: Ball
2-1: Ground out U3 (Groundball, 34S)
Bottom of the 5th over - 0 run(s), 2 hit(s), 0 error(s), 2 left on base; Hialeah 4 - Brinkley 2
TOP OF THE 6TH
Hialeah Dodos batting - Pitching for Brinkley Belugas : LHP Glen Holland
Batting: RHB Diego Bonilla 0-0: Called Strike
0-1: Ball
1-1: Ball
2-1: Fly out, F4 (Popup, 4MD)
Batting: LHB Errol Levick 0-0: Foul Ball, location: 2F
0-1: Ball
1-1: Called Strike
1-2: Strikes out looking
Batting: LHB Perry Bothof 0-0: Called Strike
0-1: Ball
1-1: Foul Ball, location: 2F
1-2: SINGLE (Groundball, 4D)
Batting: RHB Vincente Rotham 0-0: Ball
1-0: Foul Ball, location: 2F
1-1: Ball
2-1: Swinging Strike
2-2: Foul Ball, location: 2F
2-2: Fly out, F8 (Line Drive, 8RM)
Top of the 6th over - 0 run(s), 1 hit(s), 0 error(s), 1 left on base; Hialeah 4 - Brinkley 2
BOTTOM OF THE 6TH
Brinkley Belugas batting - Pitching for Hialeah Dodos : RHP Huai-yu Kan
Batting: SHB Noel King 0-0: Ball
1-0: Foul Ball, location: 2F
1-1: Foul Ball, location: 2F
1-2: Foul Ball, location: 2F
1-2: Ball
2-2: Ground out 5-3 (Groundball, 56S)
Batting: RHB Jason Weston 0-0: Ball
1-0: Called Strike
1-1: Fly out, F4 (Popup, 3D)
Batting: RHB Roberto Ramírez 0-0: Ball
1-0: Fly out, F7 (Line Drive, 7S)
Bottom of the 6th over - 0 run(s), 0 hit(s), 0 error(s), 0 left on base; Hialeah 4 - Brinkley 2
TOP OF THE 7TH
Hialeah Dodos batting - Pitching for Brinkley Belugas : LHP Glen Holland
Batting: SHB Juan Ortega 0-0: Called Strike
0-1: Ball
1-1: Ball
2-1: Ball
3-1: Called Strike
3-2: Fly out, F3 (Popup, 3S)
Batting: SHB Javier Gonzáles 0-0: Foul Ball, location: 2F
0-1: Foul Ball, location: 2F
0-2: Ball
1-2: Ball
2-2: Strikes out swinging
Batting: RHB Daniel Ruíz 0-0: Ball
1-0: Ball
2-0: Ball
3-0: Base on Balls
Batting: LHB Raúl Aguirre 0-0: Ball
1-0: Swinging Strike
1-1: Swinging Strike
1-2: Strikes out swinging
Top of the 7th over - 0 run(s), 0 hit(s), 0 error(s), 1 left on base; Hialeah 4 - Brinkley 2
BOTTOM OF THE 7TH
Brinkley Belugas batting - Pitching for Hialeah Dodos : RHP Huai-yu Kan
Batting: RHB Randy Tucker 0-0: Ball
1-0: Swinging Strike
1-1: Ball
2-1: Foul Ball, location: 2F
2-2: Ball
3-2: Ground out 5-3 (Groundball, 56)
Batting: RHB Jay Kidd 0-0: Swinging Strike
0-1: Ground out 5-3 (Groundball, 5S)
Batting: RHB Reggie Kahn 0-0: Foul Ball, location: 2F
0-1: Swinging Strike
0-2: Foul Ball, location: 2F
0-2: Hit by Pitch
Batting: LHB Eric Porter 0-0: Ball
1-0: Called Strike
1-1: Ball
2-1: Swinging Strike
2-2: Foul Ball, location: 2F
2-2: Ball
3-2: Foul Ball, location: 2F
3-2: Fly out, F4 (Line Drive, 4)
Bottom of the 7th over - 0 run(s), 0 hit(s), 0 error(s), 1 left on base; Hialeah 4 - Brinkley 2
TOP OF THE 8TH
Hialeah Dodos batting - Pitching for Brinkley Belugas : LHP Glen Holland
Batting: LHB Scott Janousek 0-0: Ball
1-0: Foul Ball, location: 2F
1-1: Called Strike
1-2: Foul Ball, location: 2F
1-2: Ground out 4-3 (Groundball, 4)
Batting: RHB Diego Bonilla 0-0: Called Strike
0-1: Ball
1-1: Foul Ball, location: 2F
1-2: Fly out, F4 (Popup, 34)
Batting: LHB Errol Levick 0-0: Fly out, F8 (Flyball, 8RM)
Top of the 8th over - 0 run(s), 0 hit(s), 0 error(s), 0 left on base; Hialeah 4 - Brinkley 2
BOTTOM OF THE 8TH
Brinkley Belugas batting - Pitching for Hialeah Dodos : RHP Huai-yu Kan
Pitching: RHP Jim Unknown
Batting: RHB Steve Jones 0-0: Foul Ball, location: 2F
0-1: Ball
1-1: Ball
2-1: Foul Ball, location: 2F
2-2: Foul Ball, location: 2F
2-2: Ball
3-2: Strikes out swinging
Batting: RHB Tom Christensen 0-0: Foul Ball, location: 2F
0-1: Ball
1-1: Ball
2-1: Fly out, F9 (Flyball, 9S)
Batting: SHB Noel King 0-0: Ball
1-0: Ball
2-0: Foul Ball, location: 2F
2-1: Called Strike
2-2: Strikes out swinging
Bottom of the 8th over - 0 run(s), 0 hit(s), 0 error(s), 0 left on base; Hialeah 4 - Brinkley 2
TOP OF THE 9TH
Hialeah Dodos batting - Pitching for Brinkley Belugas : LHP Glen Holland
Batting: LHB Perry Bothof 0-0: Called Strike
0-1: Ball
1-1: Foul Ball, location: 2F
1-2: Fly out, F7 (Flyball, 7LM)
Batting: RHB Vincente Rotham 0-0: Ball
1-0: SINGLE (Groundball, 4D)
Batting: SHB Juan Ortega 0-0: Ball
1-0: Fly out, F9 (Flyball, 9)
Batting: SHB Javier Gonzáles 0-0: Ball
1-0: Ball
2-0: Called Strike
2-1: Ball
3-1: SINGLE (Line Drive, 89S)
Vincente Rotham to second
Pinch Hitting: RHB Lorenzo Ramírez 0-0: Ball
1-0: Foul Ball, location: 2F
1-1: Swinging Strike
1-2: SINGLE (Groundball, 4MD)
Vincente Rotham to third
Javier Gonzáles to second
Runner from 3rd tries for Home, SAFE, no throw
Batting: LHB Raúl Aguirre 0-0: Swinging Strike
0-1: Ball
1-1: Foul Ball, location: 2F
1-2: Fly out, F9 (Flyball, 9LS)
Top of the 9th over - 1 run(s), 3 hit(s), 0 error(s), 2 left on base; Hialeah 5 - Brinkley 2
BOTTOM OF THE 9TH
Brinkley Belugas batting - Pitching for Hialeah Dodos : RHP Jim Unknown
Now at 3B: Alexis Smeddon
Batting: RHB Jason Weston 0-0: Ball
1-0: Ball
2-0: Ground out 4-3 (Groundball, 4S)
Batting: RHB Roberto Ramírez 0-0: Called Strike
0-1: SINGLE (Line Drive, 6)
Batting: RHB Randy Tucker 0-0: Ball
1-0: Called Strike
1-1: Ball
2-1: Called Strike
2-2: Strikes out looking
Batting: RHB Jay Kidd 0-0: Called Strike
0-1: Ball
1-1: Ball
2-1: Fly out, F6 (Line Drive, 6)
Bottom of the 9th over - 0 run(s), 1 hit(s), 0 error(s), 1 left on base; Hialeah 5 - Brinkley 2
Friday, December 30th, 2016 - OOTP Baseball 17.12 Build 75